 Dungeon Crawl Stone Soup version 0.26.0-10-g1f06aea511 (webtiles) character file.

Game seed: 10319607084724089761

35 inc the Vexing (level 3, 14/14 HPs)
             Began as a Felid Enchanter on Feb 1, 2021.
             Quit the game on level 4 of the Dungeon.
             The game lasted 00:04:30 (4343 turns).

inc the Vexing (Felid Enchanter)                    Turns: 4343, Time: 00:04:30

Health: 14/14      AC:  1    Str:  4    XL:     3   Next: 17%
Magic:  7/7        EV: 18    Int: 16    God:
Gold:   212        SH:  0    Dex: 17    Spells: 0/6 levels left
                                        Lives:  0   Deaths: 1

rFire    . . .     SeeInvis +     - Unarmed
rCold    . . .     Faith    .   (shield unavailable)
rNeg     . . .     Spirit   .   (armour unavailable)
rPois    +         Reflect  .   (helmet unavailable)
rElec    .         Harm     .   (cloak unavailable)
rCorr    .         Rampage  .   (gloves unavailable)
Will     .....                  (boots unavailable)
Stlth    +++.......             (no amulet)
HPRegen  0.04/turn              a - ring of poison resistance
MPRegen  0.10/turn              (no ring)

@: quick
A: very small, no armour, no weapons or thrown items, stealth, claws 1, fangs 3,
see invisible, speed 1, shaggy fur 1, sharp paws
a: no special abilities


You were on level 4 of the Dungeon.
You visited 1 branch of the dungeon, and saw 4 of its levels.

You collected 212 gold pieces.

Inventory:

Jewellery
 a - a ring of poison resistance (left paw)
Scrolls
 b - 3 scrolls of identify {unknown}
 d - a scroll of amnesia {unknown}
 e - 3 scrolls of magic mapping {unknown}
 f - a scroll of teleportation {unknown}
 g - a scroll of remove curse {unknown}
 i - a scroll of fog {unknown}
Potions
 c - a potion of berserk rage {unknown}
 h - a potion of curing {unknown}
 j - a potion of brilliance {unknown}


   Skills:
 - Level 2.6 Dodging
 - Level 4.0 Stealth
 - Level 3.0 Unarmed Combat
 + Level 2.2 Spellcasting
 + Level 5.0 Hexes
 + Level 1.2 Ice Magic


You couldn't memorise any spells.
You knew the following spells:

 Your Spells              Type           Power        Failure   Level
a - Corona                Hex            20%          2%          1
b - Ensorcelled Hibernat  Hex/Ice        22%          9%          2
c - Confusing Touch       Hex            18%          8%          3

Your spell library contained the following spells:

 Spells                   Type           Power        Failure   Level
 Tukima's Dance           Hex            18%          8%          3
 Dazzling Flash           Conj/Hex       18%          22%         3


Dungeon Overview and Level Annotations

Branches:
Dungeon (4/15)
 Temple: D:4-7

Altars:
Elyvilon
Trog
Vehumet
Wu Jian
Yredelemnul


Innate Abilities, Weirdness & Mutations

You cannot wear armour.
You are incapable of wielding weapons or throwing items.
Your paws allow you to move quietly. (Stealth)
You have sharp claws.
You have razor-sharp teeth.
You have supernaturally acute eyesight. (SInv)
You cover ground quickly.
You are covered in fur. (AC +1)
Your sharp claws are effective at attacking unaware monsters.


Message History

You scratch the bullfrog.
The bullfrog is lightly wounded.
The bullfrog hits you. The bullfrog hits you!
A worker ant comes into view.
Casting: Ensorcelled Hibernation (safe; 9% risk of failure)
Confirm with . or Enter, or press ? or * to list all spells.
Aiming: Ensorcelled Hibernation (safe; 9% risk of failure)
Press: ? - help, Shift-Dir - straight line, f - bullfrog
Aim: a bullfrog (lightly wounded, chance to affect: 42%)
Okay, then.
The worker ant bites you.
* * * LOW HITPOINT WARNING * * *
The bullfrog hits you!
You die...
You are now level 3!
You rejoin the land of the living...
Found 8 gold pieces.
Found a stone staircase leading down.
Unknown command.
Okay, then.
Are you sure you want to abandon this character and quit the game? (Confirm with "yes".)

## ......#..
...
##.......
#..##..^>...
#$........#
#........#
#......###..
#..........
#.@.......
##.#...#..
### ..# ..#
.# .. .


There were no monsters in sight!

Vanquished Creatures
  2 adders
  2 dart slugs
  4 leopard geckos
  An orc (D:3)
  3 giant cockroaches
  7 hobgoblins
  2 jackals (D:1)
  2 quokkas (D:2)
  2 ball pythons
  9 bats
  5 frilled lizards
  2 goblins (D:1)
  7 kobolds
  4 rats
52 creatures vanquished.

Notes
Turn   | Place    | Note
-------+----------+-------------------------------------------
     0 | D:1      | inc the Felid Enchanter began the quest for the Orb.
     0 | D:1      | Reached XP level 1. HP: 7/7 MP: 4/4
   140 | D:1      | Reached XP level 2. HP: 9/11 MP: 6/6
   143 | D:1      | Learned a level 2 spell: Ensorcelled Hibernation
  1511 | D:1      | Reached XP level 3. HP: 14/14 MP: 7/7
  1515 | D:1      | Learned a level 3 spell: Confusing Touch
  2520 | D:2      | Found a radiant altar of Vehumet.
  2546 | D:2      | Found an ornate altar of the Wu Jian Council.
  2569 | D:2      | Reached skill level 1 in Ice Magic
  2679 | D:2      | Found a white marble altar of Elyvilon.
  2680 | D:2      | Found a bloodstained altar of Trog.
  2687 | D:2      | Found a basalt altar of Yredelemnul.
  2851 | D:3      | Reached XP level 4. HP: 18/18 MP: 3/8
  2862 | D:3      | Reached skill level 5 in Hexes
  4333 | D:4      | Noticed a bullfrog
  4342 | D:4      | Slain by a bullfrog
  4343 | D:4      | Reached XP level 3. HP: -4/14 MP: 7/7
  4343 | D:4      | Quit the game

Illustrated notes

Levels and vault maps discovered:
D:1:      dpeg_arrival_boxes_within_box, layout_basic
D:2:      layout_rooms, nicolae_overflow_hidden_temple, kennysheep_potato
D:3:      layout_basic
D:4:      minmay_inner_zag, layout_cave_pools, lemuel_crystal_altar

Skill      XL: |  1  2  3  4 |
---------------+-------------+-----
Unarmed Combat | 2 3 |  3.0
Ice Magic      | 1 |  1.2
Hexes          | 5 |  5.0
Dodging        | |  2.6
Stealth        | |  4.0
Spellcasting   | |  2.2

Action                   |  1- 3 |  4- 6 || total
-------------------------+-------+-------++-------
Melee: Unarmed           |    77 |    31 ||   108
       Punch             |     1 |       ||     1
       Bite              |     1 |     3 ||     4
 Cast: Ensorcelled Hiber |    31 |     7 ||    38
 Stab: Sleeping          |    31 |     9 ||    40
Armor: Skin              |     7 |     5 ||    12
Dodge: Dodged            |    93 |    29 ||   122
